omghax, neutral male scurrid Tourist -------- .{.....| ........| #|........| #@Z.......| #-I------ - omghax the Rambler Experience level: 1 Strength: 13 Dexterity: 10 Constitution: 14 Intelligence: 14 Wisdom: 8 Charisma: 16 Health: 0(9) Energy: 2(2) Def: 0 Gold: 701 Moves: 30 Dungeon seed: kLDYT-hJ2PNCNqgp Game ID: omghax_1498613865 Your Inventory: Coins $ - 701 gold pieces Weapons a - 43 uncursed +2 darts (in quiver) Armor e - an uncursed +0 Hawaiian shirt (being worn) Comestibles b - 3 uncursed tripe rations c - an uncursed fortune cookie d - an uncursed tin of jackal meat f - an uncursed chestnut g - 2 uncursed food rations h - an uncursed egg i - an uncursed candy bar Scrolls l - 4 uncursed scrolls of magic mapping Potions j - an uncursed potion of extra healing k - a blessed potion of extra healing Wands o - an uncursed wand of secret door detection (0:13) Tools m - an uncursed expensive camera (0:54) n - an uncursed credit card p - an uncursed towel Spells and supernatural/magical abilities: Name Level Category Fail Memory W - pray for help -- divine ? -- Your skills at the end: Miscellaneous Skills wands [Basic] Weapon Skills dart [Basic] Spellcasting Skills Final Attributes: You were devoutly aligned. You had infravision. You were very stealthy. You are dead. Vanquished creatures: a kobold zombie Voluntary challenges: You went without food. You did not adorn yourself with jewelry or accessories. You did not cause conflict. You were not invisible. You did not have reflection. You were not displaced. You were an atheist. You never hit with a wielded weapon. You were a pacifist. You did not use tools. You did not use plumbed fixtures. You did not drink any magical draughts. You were illiterate. You never genocided any monsters. You never polymorphed an object. You never changed form. You used no wishes. You never split a pudding. You never wrote Elbereth's name. You never violated your personal moral code. Dungeon overview: The Dungeons of Doom: levels 1 to 12 Level 1 a long staircase Level 2 a general store Level 3 a long staircase Level 4 Level 5 Level 6 Level 7 Level 8 Level 9 an altar to The Lady Level 10 Level 11 Level 12 <- You were here a fountain History has recorded: On T:1 you entered the Dungeons of Doom to retrieve the Amulet of Yendor! On T:4 you reached level 2 of The Dungeons of Doom. On T:7 you reached level 3 of The Dungeons of Doom. On T:9 you reached level 4 of The Dungeons of Doom. On T:11 you reached level 5 of The Dungeons of Doom. On T:13 you reached level 6 of The Dungeons of Doom. On T:16 you reached level 7 of The Dungeons of Doom. On T:18 you reached level 8 of The Dungeons of Doom. On T:20 you reached level 9 of The Dungeons of Doom. On T:22 you reached level 10 of The Dungeons of Doom. On T:26 you reached level 11 of The Dungeons of Doom. On T:28 you reached level 12 of The Dungeons of Doom. Score breakdown: Gold: 28 ( 2 points) Experience: 1 level ( 0 points) Exploration: 12 levels ( 330 points) Discoveries: 0 items ( 0 points) Variety of kills: 1 monster ( 50 points) Major goal: (nothing yet) ( 0 points) Survival: died (score multiplied by 3) Total score: 1146 Latest messages: You dig a pit in the floor. You continue digging downward. You dig a hole through the floor. You fall through... The kobold zombie scratches you! You start digging downward. You continue digging downward. You dig a pit in the floor. The kobold zombie scratches you! You continue digging downward. You dig a hole through the floor. You fall through... You receive a faint telepathic message from Twoflower: Your help is urgently needed at Ankh-Morpork! Look for a ...ic transporter. You couldn't quite make out that last message. You start digging downward. Something touches you! You continue digging downward. You dig a pit in the floor. The kobold zombie scratches you! You die... Final status: Aloha omghax the Tourist, killed by a kobold zombie... You died in The Dungeons of Doom on dungeon level 12 with 1146 points, and 701 pieces of gold, after 30 moves. You were level 1 with a maximum of 9 hit points when you died.